 Dungeon Crawl Stone Soup version 0.20.1-1-g8b1a95d (webtiles) character file.

322 Greyaxe the Shield-Bearer (level 6, -10/55 HPs)
             Began as a Minotaur Fighter on Aug 17, 2017.
             Mangled by Pikel
             ... wielding a +2 whip of electrocution
              (16 damage)
             ... on level 5 of the Dungeon.
             The game lasted 00:19:14 (5254 turns).

Greyaxe the Shield-Bearer (Minotaur Fighter)        Turns: 5254, Time: 00:19:15

Health: -10/55     AC: 13    Str: 21 (22) XL:     6   Next: 22%
Magic:  5/5        EV:  4    Int:  3 (6)  God:
Gold:   161        SH: 10    Dex:  8 (9)  Spells: 5/5 levels left

rFire    . . .     SeeInvis .   a - +1 war axe
rCold    . . .     Gourm    .   c - +0 shield
rNeg     . . .     Faith    .   e - +1 plate armour
rPois    .         Spirit   .   (helmet restricted)
rElec    .         Reflect  .   (no cloak)
rCorr    .         Harm     .   (no gloves)
MR       .....                  (no boots)
Stlth    ..........             (no amulet)
Regen    0.2/turn               (no ring)
MPRegen  0.1/turn               (no ring)

@: no status effects
A: retaliatory headbutt, horns 2
a: no special abilities


You were on level 5 of the Dungeon.
You were not hungry.

You visited 1 branch of the dungeon, and saw 5 of its levels.

You collected 161 gold pieces.

Inventory:

Hand Weapons
 a - a +1 war axe (weapon)
Armour
 b - a +0 scale mail
 c - a +0 shield (worn)
 e - a +1 plate armour (worn)
Wands
 r - a wand of lightning (7/15)
Scrolls
 d - a scroll of amnesia {unknown}
 k - a scroll of fog {unknown}
 q - a scroll of remove curse
Potions
 i - a potion of ambrosia
Books
 l - a book of Callings

   Spells                             Type                      Level
   a - Summon Small Mammal            Summoning                    1
   b - Call Imp                       Summoning                    2
   c - Call Canine Familiar           Summoning                    3
   d - Summon Guardian Golem          Hexes/Summoning              3
   e - Summon Lightning Spire         Summoning/Air                4
   f - Summon Ice Beast               Ice/Summoning                4
Comestibles
 f - 3 bread rations
 g - a royal jelly
 h - a meat ration
 j - 4 fruits


   Skills:
 + Level 4.8 Fighting
 + Level 4.7 Axes
 + Level 4.7 Armour
 + Level 0.4 Dodging
 + Level 0.1 Stealth
 + Level 5.6 Shields


You had 5 spell levels left.
You didn't know any spells.

Dungeon Overview and Level Annotations

Branches:
Dungeon (5/15)
 Temple: D:4-7

Altars:
Cheibriados
Elyvilon
Kikubaaqudgha
Xom

Annotations:
D:5 Pikel


Innate Abilities, Weirdness & Mutations

You reflexively headbutt those who attack you in melee.
You have a pair of horns on your head.


Message History

The orc wizard gestures wildly while chanting.
The orc wizard blinks!
You block the orc wizard's attack.
The orc wizard gestures at you while chanting.
The magic dart hits you! You block the orc wizard's attack.
The orc wizard casts a spell.
The orc wizard blinks!
There is an open door here.
There is an open door here.
Things that are here:
a dagger; an orc corpse An adder comes into view.
The adder bites you but does no damage.
Your plate armour prevents you from hitting the adder.
You headbutt the adder.
The adder is moderately wounded.
You barely miss Pikel. You block the adder's attack.
Pikel hits you but does no damage.
You are electrocuted!
You die...

#................>#
#.#######.......# #.#
+.......# #.# #.$.....#
#.# #.......# #.#
#######.# #.# #...# #.#
## #.#######...###S# ..
#.......'...)oK@# .##
###....##...########..#
#....##...# #.......#
#....##...# #..?....#
#....##...# #.......##
#....##...# #........#
#....##...# #...K....#
#.o.)##...###........#
#....##....##........#


You could see Pikel, an orc wizard and an adder.

Vanquished Creatures
  An orc priest (D:3)
  2 orc wizards
  An iguana (D:4)
  A worker ant (D:4)
  6 adders
  An ooze (D:2)
  6 dart slugs
  2 leopard geckos
  9 orcs
  14 bats
  3 giant cockroaches
  7 goblins
  8 hobgoblins
  8 jackals
  A ball python (D:2)
  17 frilled lizards
  7 kobolds
  6 rats
100 creatures vanquished.

Vanquished Creatures (others)
  An orc wizard (D:3)
1 creature vanquished.

Grand Total: 101 creatures vanquished

Notes
Turn   | Place    | Note
-------+----------+-------------------------------------------
     0 | D:1      | Greyaxe the Minotaur Fighter began the quest for the Orb.
     0 | D:1      | Reached XP level 1. HP: 19/19 MP: 0/0
   103 | D:1      | Reached XP level 2. HP: 27/27 MP: 1/1
   218 | D:1      | Reached skill level 4 in Shields
   407 | D:1      | Reached XP level 3. HP: 33/33 MP: 2/2
  1391 | D:2      | Reached XP level 4. HP: 20/41 MP: 3/3
  2613 | D:3      | Reached XP level 5. HP: 43/47 MP: 4/4
  2624 | D:3      | Reached skill level 5 in Shields
  2633 | D:3      | Found a snail-covered altar of Cheibriados.
  2633 | D:3      | Found a shimmering altar of Xom.
  2698 | D:3      | Found a white marble altar of Elyvilon.
  2698 | D:3      | Found an ancient bone altar of Kikubaaqudgha.
  4710 | D:4      | Reached XP level 6. HP: 46/53 MP: 5/5
  4788 | D:4      | Noticed Pikel
  4788 | D:4      | Noticed a slave
  4789 | D:4      | Noticed a slave
  4789 | D:4      | Noticed a slave
  4789 | D:4      | Noticed a slave
  4861 | D:5      | Entered Level 5 of the Dungeon
  5254 | D:5      | Mangled by Pikel

Skill      XL: |  1  2  3  4  5 |
---------------+----------------+-----
Fighting       | 4 |  4.8
Shields        | 4 5 |  5.6
Armour         | 4 |  4.7
Axes           | 3 4 |  4.7
Dodging        | |  0.4
Stealth        | |  0.1

Action                   |  1- 3 |  4- 6 || total
-------------------------+-------+-------++-------
Melee: War axe           |    99 |   166 ||   265
       Headbutt          |    10 |    26 ||    36
  Use: Scroll            |     9 |     3 ||    12
       Potion            |     2 |     6 ||     8
  Eat: Meat ration       |     1 |     2 ||     3
Armor: Scale mail        |    27 |       ||    27
       Plate armour      |    35 |   124 ||   159
Dodge: Dodged            |    29 |    36 ||    65
Block: Shield            |    53 |   121 ||   174
